[Event "Titled Tuesday Blitz February 22 Early 2022"]
[White "Voege, Tobias"]
[Black "Kovalenko, Igor"]
[WhiteFideId "1270513"]
[BlackFideId "14117908"]
[WhiteElo "2335"]
[BlackElo "2560"]
[Result "0-1"]
[Round "02"]
[TimeControl "180+1"]
[Date "2022.02.22"]
[WhiteClock "0:00:14"]
[BlackClock "0:00:22"]

1. d4 Nf6 2. c4 g6 3. Nc3 Bg7 4. Nf3 d6 5. Bg5 h6 6. Bh4 g5 7. Bg3 Bf5 8. e3 Nbd7 9. Bd3 Bxd3 10. Qxd3 c5 11. d5 a6 12. a4 b6 13. Nd2 Rb8 14. O-O Nh5 15. Nde4 O-O 16. Qe2 Nxg3 17. Nxg3 f5 18. f4 Qe8 19. fxg5 Qg6 20. gxh6 Be5 21. Rf3 Rf7 22. Raf1 Rbf8 23. Qc2 Qxh6 24. Nce2 Bxg3 25. Rxg3+ Rg7 26. Rff3 Ne5 27. Rxg7+ Kxg7 28. Rg3+ Kf6 29. Nf4 Rh8 30. h3 Qh4 31. Qf2 Qh7 32. b3 Kf7 33. Ne6 Qh5 34. e4 Qd1+ 35. Kh2 Ng4+ 36. Rxg4 Qxg4 37. exf5 Qh4 38. Qe3 Qf6 39. Ng5+ Ke8 40. g4 Kd7 41. Qe6+ Qxe6 42. dxe6+ Kc6 43. Kg3 d5 44. Nf7 Ra8 45. Ne5+ Kd6 46. Nf7+ Kc6 47. Ne5+ Kc7 48. Kf4 dxc4 49. Nxc4 b5 50. axb5 axb5 51. Ne5 c4 52. bxc4 b4 53. Nd3 b3 54. g5 Kd6 55. g6 Rh8 56. Kg4 Rb8 57. Nb2 Ke5 58. Kg5 Rd8 59. h4 Rd2 60. g7 Rxb2 61. Kg6 Rg2+ 62. Kf7 b2 63. Kxe7 Rxg7+ 64. Kf8 Kf6 65. h5 b1=Q 66. h6 Qb8# 0-1


[Site "https://www.chess.com"]

[Event "Titled Tuesday Blitz February 22 Early 2022"]
[White "Vokhidov, Shamsiddin"]
[Black "Pert, Nicholas"]
[WhiteFideId "14204223"]
[BlackFideId "403989"]
[WhiteElo "2611"]
[BlackElo "2536"]
[Result "1-0"]
[Round "02"]
[TimeControl "180+1"]
[Date "2022.02.22"]
[WhiteClock "0:01:53"]
[BlackClock "0:00:33"]

1. e4 c5 2. Nf3 Nc6 3. Bb5 g6 4. Bxc6 dxc6 5. O-O Bg7 6. d3 Nf6 7. Nc3 Nd7 8. Be3 e5 9. a3 b6 10. b4 O-O 11. Qd2 f5 12. Bh6 f4 13. Bxg7 Kxg7 14. bxc5 bxc5 15. Ne2 g5 16. Qc3 Qf6 17. Nd2 g4 18. f3 h5 19. g3 Kh7 20. fxg4 Rg8 21. gxf4 Rxg4+ 22. Kh1 Qh4 23. Nf3 Qh3 24. Ng5+ Rxg5 25. fxg5 Nf8 26. Qxe5 Bg4 27. Rf7+ Kg6 28. Qf6# 1-0


[Site "https://www.chess.com"]

[Event "Titled Tuesday Blitz February 22 Early 2022"]
[White "Von Buelow, Georg"]
[Black "Meissner, Felix"]
[WhiteFideId "4620658"]
[BlackFideId "24671827"]
[WhiteElo "2177"]
[BlackElo "2350"]
[Result "1-0"]
[Round "02"]
[TimeControl "180+1"]
[Date "2022.02.22"]
[WhiteClock "0:01:14"]
[BlackClock "0:02:17"]

1. e4 c6 2. d4 g6 3. c4 d5 4. cxd5 cxd5 5. e5 Nc6 6. Nc3 h5 7. h3 e6 8. Nf3 Nh6 9. Bg5 Qb6 10. Qd2 Nf5 11. Rd1 Bd7 12. Bf6 Rg8 13. g4 Ng7 14. Ng5 Be7 15. Bxe7 Nxe7 16. Be2 Nc6 17. O-O hxg4 18. hxg4 Rh8 19. Qf4 Nd8 20. Rd2 Rc8 21. Kg2 Qb4 22. Qf6 Rg8 23. Rh1 Qe7 24. Qf4 Nf5 25. Kf1 Ng7 26. Nh7 g5 27. Nxg5 1-0


[Site "https://www.chess.com"]

[Event "Titled Tuesday Blitz February 22 Early 2022"]
[White "Wachinger, Guenther"]
[Black "Lakshmi C"]
[WhiteFideId "4604261"]
[BlackFideId "25035347"]
[WhiteElo "2212"]
[BlackElo "1775"]
[Result "1-0"]
[Round "02"]
[TimeControl "180+1"]
[Date "2022.02.22"]
[WhiteClock "0:02:03"]
[BlackClock "0:01:12"]

1. e4 e5 2. Nf3 Nc6 3. Nc3 Nf6 4. a3 Bc5 5. Nxe5 Nxe5 6. d4 Bxd4 7. Qxd4 Nc6 8. Qd3 d6 9. Bg5 h6 10. Bh4 Ne5 11. Qd2 Ng6 12. Bg3 Be6 13. f4 Bd7 14. O-O-O Nh5 15. Bc4 Bc6 16. Rhe1 Nxg3 17. hxg3 Qd7 18. Qd4 a6 19. Qxg7 b5 20. Bd5 Rf8 21. e5 O-O-O 22. Bxc6 Qxc6 23. e6 Rg8 24. Qxf7 Rdf8 25. Qh7 a5 26. Nd5 b4 27. Qxg6 Qa4 28. Qh7 Rh8 29. Qxc7# 1-0


[Site "https://www.chess.com"]

[Event "Titled Tuesday Blitz February 22 Early 2022"]
[White "Weetik, Vjacheslav"]
[Black "Rudykh, Stepan"]
[WhiteFideId "4153472"]
[BlackFideId "4180321"]
[WhiteElo "2469"]
[BlackElo "2121"]
[Result "1-0"]
[Round "02"]
[TimeControl "180+1"]
[Date "2022.02.22"]
[WhiteClock "0:01:16"]
[BlackClock "0:01:18"]

1. d4 e6 2. Nf3 f5 3. g3 Nf6 4. Bg2 Be7 5. O-O O-O 6. c4 d6 7. Nc3 Ne4 8. Nd2 Nxc3 9. bxc3 e5 10. c5 Nc6 11. cxd6 cxd6 12. Nc4 Bf6 13. Ba3 exd4 14. Nxd6 Be7 15. Nxc8 Bxa3 16. Qb3+ Kh8 17. Qxa3 Rxc8 18. Rad1 Qe8 19. cxd4 Qxe2 20. d5 Nd4 21. Rxd4 1-0


[Site "https://www.chess.com"]

[Event "Titled Tuesday Blitz February 22 Early 2022"]
[White "Winkels, Marcel"]
[Black "Ronka, Erik"]
[WhiteFideId "1003887"]
[BlackFideId "505080"]
[WhiteElo "1900"]
[BlackElo "2264"]
[Result "0-1"]
[Round "02"]
[TimeControl "180+1"]
[Date "2022.02.22"]
[WhiteClock "0:00:26"]
[BlackClock "0:02:27"]

1. e4 c6 2. d4 d5 3. e5 c5 4. dxc5 e6 5. a3 Nc6 6. Nf3 Bxc5 7. b4 Bb6 8. Bb2 Nge7 9. Bd3 Ng6 10. Qd2 d4 11. Bxg6 fxg6 12. O-O O-O 13. Re1 Qd5 14. Qe2 Bd7 15. Nbd2 Rf5 16. Nc4 Bc7 17. g4 Rxf3 18. b5 Raf8 19. bxc6 Bxc6 20. Nd2 Rg3+ 0-1


[Site "https://www.chess.com"]

[Event "Titled Tuesday Blitz February 22 Early 2022"]
[White "Xie, Bryan"]
[Black "Galyas, Miklos"]
[WhiteFideId "30941296"]
[BlackFideId "707244"]
[WhiteElo "1899"]
[BlackElo "2409"]
[Result "0-1"]
[Round "02"]
[TimeControl "180+1"]
[Date "2022.02.22"]
[WhiteClock "0:01:19"]
[BlackClock "0:02:32"]

1. d4 d5 2. Nf3 Nf6 3. Bf4 c5 4. e3 Nc6 5. Nbd2 Bg4 6. h3 Bh5 7. c3 cxd4 8. exd4 e6 9. g4 Bg6 10. Bb5 Bd6 11. Bxd6 Qxd6 12. Ne5 Nd7 13. f4 Ndxe5 14. fxe5 Qe7 15. Bxc6+ bxc6 16. Nb3 O-O 17. Nc5 f6 18. exf6 Rxf6 19. Qe2 Raf8 20. O-O-O Rf2 21. Qxe6+ Qxe6 22. Nxe6 Rc2+ 23. Kb1 Rff2 24. Ka1 Rxb2 0-1


[Site "https://www.chess.com"]

[Event "Titled Tuesday Blitz February 22 Early 2022"]
[White "Yang, Kaiqi"]
[Black "Lodici, Lorenzo"]
[WhiteFideId "8604398"]
[BlackFideId "884189"]
[WhiteElo "2373"]
[BlackElo "2265"]
[Result "0-1"]
[Round "02"]
[TimeControl "180+1"]
[Date "2022.02.22"]
[WhiteClock "0:00:02"]
[BlackClock "0:00:37"]

1. c4 b6 2. g3 Bb7 3. Nf3 g6 4. Bg2 Bg7 5. d4 Nf6 6. Nc3 Ne4 7. Bd2 O-O 8. Rc1 e6 9. O-O Nxd2 10. Qxd2 d6 11. e4 Nd7 12. h4 Nf6 13. Rfe1 a6 14. d5 e5 15. Bh3 Nd7 16. h5 Nf6 17. hxg6 hxg6 18. Kg2 Qe7 19. Rh1 c6 20. Ng5 b5 21. b3 Bh6 22. Bf5 Bg7 23. Bh3 bxc4 24. bxc4 cxd5 25. cxd5 Bh6 26. Bc8 Nh5 27. Rxh5 gxh5 28. Bxb7 Bxg5 0-1


[Site "https://www.chess.com"]

[Event "Titled Tuesday Blitz February 22 Early 2022"]
[White "Yeletsky, Ivan"]
[Black "Al-Tarboush, Ward"]
[WhiteFideId "24180327"]
[BlackFideId "7601450"]
[WhiteElo "2348"]
[BlackElo "2276"]
[Result "0-1"]
[Round "02"]
[TimeControl "180+1"]
[Date "2022.02.22"]
[WhiteClock "0:00:01"]
[BlackClock "0:00:29"]

1. c4 c5 2. Nc3 Nc6 3. g3 g6 4. Bg2 Bg7 5. d3 a6 6. Qd2 Rb8 7. b3 b5 8. Bb2 Nf6 9. Bxc6 dxc6 10. f4 O-O 11. Nf3 a5 12. O-O a4 13. Rab1 a3 14. Ba1 b4 15. Na4 Bh3 16. Rfe1 Qa5 17. Qe3 Nd7 18. Bxg7 Kxg7 19. Ne5 Nb6 20. Qxc5 Qxc5+ 21. Nxc5 Rbc8 22. Kf2 Rfd8 23. Nf3 f6 24. Ng1 Bd7 25. Rbd1 Kf7 26. d4 Be8 27. e4 e6 28. Nf3 h6 29. f5 exf5 30. exf5 gxf5 31. Nh4 Bd7 32. Nd3 Rb8 33. Nc5 Bc8 34. Re3 Re8 35. Rxe8 Kxe8 36. Kf3 Nd7 37. Ne6 Ne5+ 38. dxe5 Bxe6 39. exf6 Kf7 40. Kf4 Kxf6 41. Rd6 Ke7 42. Ke5 Bd7 43. Rxh6 Re8 44. Kd4 Kd8 45. Kd3 Re1 46. Nf3 Ra1 47. Ne5 Rxa2 48. Rd6 Ke7 49. Rxd7+ Ke6 50. Rb7 Kxe5 51. Rxb4 Rxh2 52. Ra4 a2 53. Kc3 c5 54. Ra5 Kd6 55. b4 cxb4+ 56. Kxb4 Rf2 57. Ra6+ Ke5 58. Kb5 Kd4 59. Ra3 Rb2+ 60. Kc6 Kxc4 61. Kd6 Kb4 62. Ra8 Re2 63. Ra7 Kb3 0-1


[Site "https://www.chess.com"]

[Event "Titled Tuesday Blitz February 22 Early 2022"]
[White "Yuan, Qingyu"]
[Black "Tillis., Bryan"]
[WhiteFideId "8609772"]
[BlackFideId "2059053"]
[WhiteElo "2359"]
[BlackElo "2377"]
[Result "1-0"]
[Round "02"]
[TimeControl "180+1"]
[Date "2022.02.22"]
[WhiteClock "0:01:23"]
[BlackClock "0:00:06"]

1. Nf3 Nf6 2. g3 g6 3. b3 Bg7 4. Bb2 O-O 5. Bg2 d5 6. c4 c6 7. O-O Bf5 8. d3 Qc8 9. cxd5 cxd5 10. Nbd2 Nc6 11. Rc1 Bh3 12. Ne5 Bxg2 13. Kxg2 Qe6 14. Nxc6 bxc6 15. Nf3 Rfc8 16. Qd2 c5 17. Rc2 Nd7 18. Bxg7 Kxg7 19. Rfc1 Qd6 20. d4 Kg8 21. dxc5 Rxc5 22. Rxc5 Nxc5 23. Qa5 Ne6 24. Rd1 d4 25. Qa4 Nc5 26. Qxd4 Qxd4 27. Rxd4 a5 28. Rd5 Ne6 29. a4 h6 30. Nd2 Kg7 31. Nc4 Rb8 32. Nxa5 Kf6 33. e3 Ng5 34. Rb5 Rc8 35. Nc4 Ne4 36. a5 Nc3 37. Rb6+ e6 38. a6 Ra8 39. Rc6 Nb5 40. b4 Ke7 41. Rb6 Nc3 42. Rb7+ Kf6 43. b5 1-0


[Site "https://www.chess.com"]

[Event "Titled Tuesday Blitz February 22 Early 2022"]
[White "Zaksaite, Salomeja"]
[Black "Krzywda, Andrzej"]
[WhiteFideId "12801496"]
[BlackFideId "1114565"]
[WhiteElo "2002"]
[BlackElo "2098"]
[Result "0-1"]
[Round "02"]
[TimeControl "180+1"]
[Date "2022.02.22"]
[WhiteClock "0:00:03"]
[BlackClock "0:01:19"]

1. e4 c5 2. Nf3 Nc6 3. Bb5 g6 4. O-O Bg7 5. Re1 Nf6 6. e5 Nd5 7. Nc3 Nc7 8. Bxc6 dxc6 9. Ne4 Ne6 10. d3 h6 11. Be3 b6 12. Qd2 Qc7 13. Ng3 Bb7 14. h4 Rd8 15. h5 c4 16. hxg6 fxg6 17. Rad1 c5 18. Qe2 cxd3 19. Rxd3 O-O 20. Rxd8 Qxd8 21. Rd1 Qa8 22. Qc4 Qc8 23. Nh4 Qc6 24. f3 Kh7 25. Qg4 Nd4 26. Bxd4 cxd4 27. Rxd4 Qxc2 28. Re4 Bxe4 29. Nxe4 Qc1+ 30. Kh2 Bxe5+ 31. g3 Qc2+ 32. Kh3 Qc6 0-1


[Site "https://www.chess.com"]

[Event "Titled Tuesday Blitz February 22 Early 2022"]
[White "Zheenbekov, Nurgazy"]
[Black "Ambartsumova, Karina"]
[WhiteFideId "13800485"]
[BlackFideId "4166299"]
[WhiteElo "1959"]
[BlackElo "2262"]
[Result "0-1"]
[Round "02"]
[TimeControl "180+1"]
[Date "2022.02.22"]
[WhiteClock "0:00:07"]
[BlackClock "0:00:20"]

1. e4 c5 2. Nf3 a6 3. c3 d5 4. exd5 Qxd5 5. d4 Bg4 6. Be2 e6 7. O-O Nc6 8. h3 Bh5 9. Be3 cxd4 10. cxd4 Nf6 11. Nc3 Qd6 12. Qb3 Qb4 13. Qd1 Rd8 14. a3 Qa5 15. b4 Qc7 16. Rc1 Be7 17. b5 axb5 18. Nxb5 Qb8 19. Qb3 O-O 20. Rfd1 Nd5 21. Nc3 Nxe3 22. fxe3 Qa7 23. Ne4 e5 24. d5 Na5 25. Qc3 f5 26. d6 fxe4 27. dxe7 Rxd1+ 28. Rxd1 Re8 29. Rd8 Nc6 30. Nxe5 Nxd8 0-1


[Site "https://www.chess.com"]

[Event "Titled Tuesday Blitz February 22 Early 2022"]
[White "Zlatin, Alexander"]
[Black "Erdogdu, Mert"]
[WhiteFideId "2810549"]
[BlackFideId "6301495"]
[WhiteElo "2228"]
[BlackElo "2485"]
[Result "1/2-1/2"]
[Round "02"]
[TimeControl "180+1"]
[Date "2022.02.22"]
[WhiteClock "0:00:03"]
[BlackClock "0:00:14"]

1. e4 c5 2. Nf3 d6 3. d4 cxd4 4. Nxd4 Nf6 5. Nc3 a6 6. f3 e6 7. Be3 b5 8. Qd2 Bb7 9. O-O-O Nbd7 10. Kb1 Rc8 11. g4 Nb6 12. g5 Nfd7 13. a3 Ne5 14. h4 Be7 15. Be2 Nec4 16. Bxc4 Nxc4 17. Qd3 Qb6 18. Nf5 Nxe3 19. Qxe3 Qxe3 20. Nxe3 h6 21. f4 Rxc3 22. bxc3 Bxe4 23. Rhg1 hxg5 24. hxg5 d5 25. Kb2 g6 26. Ng4 Rh4 27. Rg3 Kf8 28. Rf1 Kg7 29. Ne5 Rh2 30. Nd3 Bd6 31. Re3 Rh4 32. Kb3 Rh2 33. Ree1 f6 34. gxf6+ Kxf6 35. Rf2 Rh4 36. Rg1 Bxd3 37. cxd3 Bxf4 38. Re2 g5 39. d4 Kf5 40. Rge1 Rh6 41. a4 g4 42. axb5 axb5 43. Kb4 g3 44. Kxb5 Kg4 45. Rxe6 Rxe6 46. Rxe6 g2 47. Re1 Be3 48. Kc5 Kf3 49. Kxd5 Kf2 50. Rb1 Bd2 51. Kc4 Ke2 52. Rg1 Kf3 53. Rxg2 Kxg2 54. Kb4 Kf3 55. Kc4 Ke4 56. d5 Bxc3 57. Kxc3 Kxd5 1/2-1/2


[Site "https://www.chess.com"]

[Event "Titled Tuesday Blitz February 22 Early 2022"]
[White "wisdomboy"]
[Black "Magallanes, Rey Jomar"]
[BlackFideId "5205948"]
[WhiteElo "2452"]
[BlackElo "2216"]
[Result "0-1"]
[Round "02"]
[TimeControl "180+1"]
[Date "2022.02.22"]
[WhiteClock "0:00:15"]
[BlackClock "0:01:12"]

1. d4 d5 2. c4 e6 3. Nc3 Nf6 4. Nf3 Nbd7 5. Bf4 dxc4 6. e3 Nb6 7. Ne5 Bb4 8. Qc2 Nfd5 9. Bg3 Bd7 10. Bxc4 Nxc4 11. Nxc4 Rc8 12. O-O Bxc3 13. bxc3 Bb5 14. Qb3 Ba6 15. Rfd1 b5 16. Ne5 c5 17. dxc5 Qa5 18. c6 Qxc3 19. Qxc3 Nxc3 20. Rd7 O-O 21. Rxa7 Ra8 22. Rxa8 Rxa8 23. c7 Rc8 24. Nd3 Ne2+ 25. Kh1 Nxg3+ 26. hxg3 Rxc7 27. Nb4 Bc8 28. a4 bxa4 29. Rxa4 g6 30. Ra8 Kg7 31. Kh2 Rc4 32. Nd3 Bb7 33. g4 Bxa8 0-1


[Site "https://www.chess.com"]

[Event "Titled Tuesday Blitz February 22 Early 2022"]
[White "Aaditya Dhingra"]
[Black "Tasev, Dejan"]
[WhiteFideId "25678191"]
[BlackFideId "936618"]
[WhiteElo "1789"]
[BlackElo "2253"]
[Result "0-1"]
[Round "03"]
[TimeControl "180+1"]
[Date "2022.02.22"]
[WhiteClock "0:00:01"]
[BlackClock "0:00:15"]

1. e4 c5 2. Nf3 Nc6 3. d4 cxd4 4. Nxd4 Nf6 5. Nc3 d6 6. f3 g6 7. Be3 Bg7 8. Qd2 O-O 9. O-O-O Bd7 10. g4 Rc8 11. h4 h5 12. gxh5 Nxh5 13. Rg1 Ne5 14. Be2 Nc4 15. Bxc4 Rxc4 16. Rg5 Nf6 17. Rdg1 Nh7 18. R5g2 Qa5 19. Kb1 Rfc8 20. Nb3 Qh5 21. Nd5 Rxc2 22. Qxc2 Rxc2 23. Rxc2 Qxf3 24. Nd2 Qh3 25. h5 Qxh5 26. Rc7 Nf8 27. Nxe7+ Kh7 28. Nd5 Be6 29. Nf4 Qe5 30. Rh1+ Kg8 31. Nd3 Qb5 32. Kc2 Bxa2 33. b3 a5 34. e5 a4 35. bxa4 Qxa4+ 36. Kc1 Be6 37. exd6 Qa2 38. Nb1 Qg2 39. Rg1 Qe4 40. Kd2 Bf5 41. Nf2 Qd5+ 42. Ke2 Qb5+ 43. Kf3 Bxb1 44. Kg3 Be5+ 0-1


[Site "https://www.chess.com"]

[Event "Titled Tuesday Blitz February 22 Early 2022"]
[White "Abdisalimov, Abdimalik"]
[Black "Poormosavi, Seyed Kian"]
[WhiteFideId "14206323"]
[BlackFideId "12585807"]
[WhiteElo "2401"]
[BlackElo "2116"]
[Result "1-0"]
[Round "03"]
[TimeControl "180+1"]
[Date "2022.02.22"]
[WhiteClock "0:01:03"]
[BlackClock "0:00:02"]

1. d4 Nf6 2. c4 b6 3. Nc3 Bb7 4. f3 d5 5. cxd5 Nxd5 6. e4 Nxc3 7. bxc3 e5 8. Be3 exd4 9. cxd4 Bb4+ 10. Kf2 O-O 11. Rc1 f5 12. Qb3+ Kh8 13. Qxb4 fxe4 14. f4 Nc6 15. Qd2 g5 16. Nh3 g4 17. Ng1 Ne7 18. Bc4 Nf5 19. Ne2 Qf6 20. Bb3 Ba6 21. g3 c5 22. dxc5 Rad8 23. Qc3 Nxe3 24. Qxf6+ Rxf6 25. Kxe3 Rd3+ 26. Kxe4 Rd2 27. Nc3 bxc5 28. Rhd1 Rxh2 29. Rd8+ Kg7 30. Rd7+ Kh6 31. Rc2 Rh1 32. Rcd2 c4 33. Bc2 Re1+ 34. Kd4 Bc8 35. Rh2# 1-0


[Site "https://www.chess.com"]

[Event "Titled Tuesday Blitz February 22 Early 2022"]
[White "Aldokhin, Ivan"]
[Black "Faizrakhmanov, Ramil"]
[WhiteFideId "24115720"]
[BlackFideId "24103209"]
[WhiteElo "2231"]
[BlackElo "2502"]
[Result "0-1"]
[Round "03"]
[TimeControl "180+1"]
[Date "2022.02.22"]
[WhiteClock "0:00:03"]
[BlackClock "0:00:17"]

1. e4 c5 2. Nf3 d6 3. d4 cxd4 4. Nxd4 Nf6 5. Nc3 a6 6. Bc4 e6 7. Qe2 b5 8. Bb3 Bb7 9. Bg5 Be7 10. O-O-O Qb6 11. Be3 Qa5 12. f3 Nc6 13. Nxc6 Bxc6 14. Qf2 Nd7 15. Bd4 O-O 16. Qg3 g6 17. h4 b4 18. h5 Qg5+ 19. Qxg5 Bxg5+ 20. Kb1 bxc3 21. Bxc3 Nc5 22. hxg6 fxg6 23. Rxd6 Nxb3 24. axb3 Rac8 25. Rxe6 Rf7 26. Rxg6+ Kf8 27. Rxg5 Ke8 28. Rd1 Ke7 29. Bb4+ Kf6 30. Rf5+ Kg7 31. Bc3+ Kf8 32. Rxf7+ Kxf7 33. Rd6 Bb5 34. Rh6 Kg8 35. Rd6 Bf1 36. Rd2 Kf7 37. Bd4 Rg8 38. g4 Ke6 39. Rf2 Bb5 40. c4 Bc6 41. Kc2 Rf8 42. Kd3 Rf7 43. f4 Rb7 44. f5+ Kf7 45. e5 Rxb3+ 46. Bc3 Rb8 47. e6+ Ke7 48. Rh2 Rd8+ 49. Ke3 Rg8 50. Rxh7+ Kd6 51. Kd4 Rxg4+ 52. Ke3 Rxc4 53. Kd3 Rf4 54. Rh5 Be4+ 55. Ke3 Rxf5 56. Bb4+ Kxe6 57. Rh6+ Kd5 58. Rd6+ Ke5 59. Rd4 Rf3+ 60. Ke2 Kxd4 0-1


[Site "https://www.chess.com"]

[Event "Titled Tuesday Blitz February 22 Early 2022"]
[White "Al-Tarboush, Ward"]
[Black "Durarbayli, Vasif"]
[WhiteFideId "7601450"]
[BlackFideId "13402935"]
[WhiteElo "2276"]
[BlackElo "2528"]
[Result "0-1"]
[Round "03"]
[TimeControl "180+1"]
[Date "2022.02.22"]
[WhiteClock "0:00:40"]
[BlackClock "0:00:35"]

1. d4 d5 2. Nc3 Bf5 3. e3 e6 4. Bd3 Bb4 5. Bxf5 Bxc3+ 6. bxc3 exf5 7. Qf3 Qd7 8. Ba3 Nf6 9. Ne2 Nc6 10. Rb1 O-O-O 11. O-O Ne4 12. Rfd1 Na5 13. Bb4 Nc4 14. Qh3 a5 15. f3 Ned2 16. Rb3 Nxb3 17. axb3 Nxe3 18. Ra1 b6 19. f4 Nxc2 20. Ra2 axb4 21. Rxc2 Kb7 22. Qd3 bxc3 23. Nxc3 Rhe8 24. h3 Ra8 25. Na4 Re4 26. Qc3 Qd6 27. g3 g5 28. fxg5 f4 29. g4 Re3 30. Qd2 Rxh3 31. Ra2 f3 32. Qf2 Rg3+ 33. Kf1 Rg2 34. Qxf3 Rxa2 35. Nc3 Ra1+ 36. Kg2 R8a2+ 37. Nxa2 Rxa2+ 38. Kf1 Qc6 0-1


[Site "https://www.chess.com"]

[Event "Titled Tuesday Blitz February 22 Early 2022"]
[White "Ambartsumova, Karina"]
[Black "Tymrakiewicz, Rafal"]
[WhiteFideId "4166299"]
[BlackFideId "1108832"]
[WhiteElo "2262"]
[BlackElo "2205"]
[Result "1/2-1/2"]
[Round "03"]
[TimeControl "180+1"]
[Date "2022.02.22"]
[WhiteClock "0:00:10"]
[BlackClock "0:00:14"]

1. d4 Nf6 2. Nf3 g6 3. g3 Bg7 4. Bg2 O-O 5. O-O d6 6. b3 Ne4 7. Bb2 c6 8. c4 Nd7 9. Nbd2 Ndf6 10. Qc2 Nxd2 11. Nxd2 Qa5 12. e4 e5 13. Rfe1 Re8 14. Bc3 Qc7 15. c5 exd4 16. Bxd4 dxc5 17. Qxc5 Nd7 18. Qc3 Bxd4 19. Qxd4 Qe5 20. Qe3 Nf6 21. Nc4 Qh5 22. f3 Be6 23. Nd6 Re7 24. Qf4 Ne8 25. Rad1 Qc5+ 26. Qe3 Qxe3+ 27. Rxe3 Rd8 28. Red3 Rxd6 29. Rxd6 Nxd6 30. Rxd6 Rd7 31. Rxd7 Bxd7 32. Kf2 f6 33. Ke3 c5 34. Bf1 Kf7 35. f4 Ke6 36. Bc4+ Kd6 37. Bg8 h6 38. h4 g5 39. hxg5 hxg5 40. e5+ fxe5 41. fxg5 Bf5 42. Bc4 Bb1 43. Bd3 Bxa2 44. Bc2 c4 45. b4 Ke6 46. g6 Kf6 47. Ke4 b5 48. Kd5 c3+ 49. Kc5 Bc4 50. Kd6 e4 51. Bxe4 Bb3 52. Kc5 c2 53. Bxc2 Bxc2 54. Kxb5 Bd3+ 55. Ka5 a6 56. Ka4 Bb5+ 57. Ka3 Kxg6 58. Kb2 Kg5 59. Ka1 Kg4 60. Ka2 Kxg3 61. Ka1 Kf4 62. Ka2 Ke4 63. Ka1 Kd4 64. Ka2 Kc4 65. Ka1 Kxb4 66. Ka2 a5 67. Ka1 a4 68. Ka2 Bd3 69. Ka1 Kb3 1/2-1/2


[Site "https://www.chess.com"]

[Event "Titled Tuesday Blitz February 22 Early 2022"]
[White "Andreikin, Dmitry"]
[Black "Srihari L R"]
[WhiteFideId "4158814"]
[BlackFideId "46617116"]
[WhiteElo "2736"]
[BlackElo "2121"]
[Result "1-0"]
[Round "03"]
[TimeControl "180+1"]
[Date "2022.02.22"]
[WhiteClock "0:00:51"]
[BlackClock "0:00:04"]

1. d4 d5 2. c4 e6 3. Nc3 c5 4. e3 Nf6 5. Nf3 Nc6 6. cxd5 exd5 7. Bb5 Bd6 8. dxc5 Bxc5 9. O-O O-O 10. b3 Bg4 11. Be2 Qd7 12. Bb2 Rad8 13. Na4 Be7 14. Ne5 Nxe5 15. Bxe5 Bxe2 16. Qxe2 Qe6 17. Bd4 a6 18. Nc5 Bxc5 19. Bxc5 Rfe8 20. Bd4 Rc8 21. Rac1 Ne4 22. h3 Nd6 23. Bb2 Nf5 24. Qf3 Nd6 25. Rfd1 Ne4 26. Qg4 g6 27. Qf4 Rf8 28. f3 Nd6 29. Qd4 f6 30. Qxd5 Qxd5 31. Rxd5 Rxc1+ 32. Bxc1 Nb5 33. Bb2 Rc8 34. Bxf6 Rc1+ 35. Kh2 Rc2 36. a4 Nc7 37. Rd7 b5 38. Rg7+ Kf8 39. Rxh7 Nd5 40. Bd4 bxa4 41. bxa4 Ra2 42. Rd7 Nb4 43. Bc5+ Ke8 44. Re7+ 1-0


[Site "https://www.chess.com"]

[Event "Titled Tuesday Blitz February 22 Early 2022"]
[White "Atakishiyev, Elmar"]
[Black "Purtseladze, Maka"]
[WhiteFideId "13410547"]
[BlackFideId "13602659"]
[WhiteElo "2087"]
[BlackElo "2192"]
[Result "1-0"]
[Round "03"]
[TimeControl "180+1"]
[Date "2022.02.22"]
[WhiteClock "0:00:54"]
[BlackClock "0:00:05"]

1. Nf3 Nf6 2. g3 g6 3. Bg2 Bg7 4. O-O d6 5. d4 c6 6. b3 a5 7. a4 Bf5 8. Bb2 Qd7 9. Re1 Na6 10. Nbd2 O-O 11. e4 Bh3 12. Bh1 Nb4 13. Nc4 Qc7 14. Ng5 Bg4 15. Qd2 h6 16. Nf3 Nxe4 17. Rxe4 Bxf3 18. Bxf3 d5 19. Re2 dxc4 20. bxc4 e6 21. c3 Na6 22. Ba3 Rfd8 23. Qe3 Re8 24. Rb1 Rad8 25. Reb2 Rb8 26. h4 e5 27. d5 e4 28. Bg2 cxd5 29. cxd5 Qxc3 30. Qxc3 Bxc3 31. Rxb7 Rxb7 32. Rxb7 Bb4 33. Bb2 Nc5 34. Rc7 Nxa4 35. Bd4 h5 36. Bf1 Rd8 37. Bc4 Bd6 38. Rc6 e3 39. Bxe3 Nb2 40. Bg5 Rd7 41. Bb5 Kg7 42. Rb6 1-0


[Site "https://www.chess.com"]

[Event "Titled Tuesday Blitz February 22 Early 2022"]
[White "Bachmann, Axel"]
[Black "Guliev, Logman"]
[WhiteFideId "3700488"]
[BlackFideId "13400061"]
[WhiteElo "2642"]
[BlackElo "2128"]
[Result "1-0"]
[Round "03"]
[TimeControl "180+1"]
[Date "2022.02.22"]
[WhiteClock "0:01:25"]
[BlackClock "0:00:02"]

1. d4 Nf6 2. c4 g6 3. Nc3 Bg7 4. e4 d6 5. h3 O-O 6. g4 c5 7. Nge2 cxd4 8. Nxd4 Nc6 9. Be3 Qa5 10. Bg2 Nd7 11. O-O Nxd4 12. Bxd4 Bxd4 13. Qxd4 Qe5 14. Qd2 h5 15. Nd5 hxg4 16. hxg4 Nf6 17. f4 Qe6 18. Nc7 Qxg4 19. Nxa8 Nxe4 20. Qd1 Ng3 21. Rf3 Bf5 22. Nc7 Be4 23. Nd5 Nf5 24. Rf2 Qg3 25. Qb3 Qg4 26. Qh3 Qxg2+ 27. Rxg2 1-0


[Site "https://www.chess.com"]

[Event "Titled Tuesday Blitz February 22 Early 2022"]
[White "Barus, Cerdas"]
[Black "Bintang, Rasyid A. Hidayat"]
[WhiteFideId "7100094"]
[BlackFideId "7105355"]
[WhiteElo "2144"]
[BlackElo "2356"]
[Result "0-1"]
[Round "03"]
[TimeControl "180+1"]
[Date "2022.02.22"]
[WhiteClock "0:00:03"]
[BlackClock "0:00:37"]

1. d4 d5 2. c4 Nc6 3. Nf3 Bg4 4. cxd5 Bxf3 5. dxc6 Bxc6 6. Nc3 e6 7. e4 Bb4 8. f3 f5 9. exf5 exf5 10. Bc4 Nf6 11. O-O Qd7 12. d5 Bc5+ 13. Kh1 Nxd5 14. Bxd5 Bxd5 15. Qxd5 Qxd5 16. Nxd5 O-O-O 17. Nc3 Rhe8 18. Bf4 c6 19. Rac1 h6 20. Nb5 Bf8 21. Nxa7+ Kd7 22. Rfd1+ Ke6 23. Be3 g5 24. Bg1 Bd6 25. a3 Ra8 26. b4 Red8 27. b5 Bxa3 28. Rxd8 Rxd8 29. Re1+ Kd7 30. Rd1+ Ke8 31. Rxd8+ Kxd8 32. bxc6 bxc6 33. Nxc6+ Kd7 34. Nd4 f4 35. h3 h5 0-1


[Site "https://www.chess.com"]

[Event "Titled Tuesday Blitz February 22 Early 2022"]
[White "Baskin, Robert"]
[Black "Pavlidou, Ekaterini"]
[WhiteFideId "24662402"]
[BlackFideId "4213262"]
[WhiteElo "2488"]
[BlackElo "2127"]
[Result "1/2-1/2"]
[Round "03"]
[TimeControl "180+1"]
[Date "2022.02.22"]
[WhiteClock "0:00:07"]
[BlackClock "0:00:14"]

1. d4 Nf6 2. c4 e6 3. Nf3 b6 4. g3 Ba6 5. b3 d5 6. cxd5 exd5 7. Bg2 Bb4+ 8. Bd2 Bd6 9. Nc3 c6 10. O-O O-O 11. Qc2 Re8 12. Rfe1 Ne4 13. Nxe4 dxe4 14. Ne5 Bxe5 15. dxe5 Rxe5 16. Bf4 Re8 17. Red1 Qc8 18. Rd4 c5 19. Rxe4 Nc6 20. e3 Nb4 21. Rxe8+ Qxe8 22. Qf5 Bd3 23. Qh5 Bg6 24. Qg4 Rd8 25. Rd1 Nxa2 26. Bc6 Qf8 27. h4 h5 28. Qf3 Nc3 29. Rxd8 Qxd8 30. Bg5 Qd1+ 31. Qxd1 Nxd1 32. Bd8 Bc2 33. Bc7 Bxb3 34. Bb8 a5 35. Ba7 a4 36. Bxb6 c4 37. Kf1 a3 38. Bf3 Nc3 39. Bd4 Na4 40. Bc6 Nb2 41. Ke1 Nd3+ 42. Ke2 Nb4 43. Be4 a2 44. Kd2 g6 45. Bb2 f5 46. Bf3 Kf8 47. Kc3 Nc2 48. Bd5 a1=Q 49. Bxa1 Nxa1 50. Bxc4 Bxc4 51. Kxc4 Nc2 52. Kd3 Ne1+ 53. Ke2 Nc2 54. Kd3 Nb4+ 55. Kc4 Nc6 56. Kd5 Ne7+ 57. Ke6 Ke8 58. Kf6 Kf8 59. Ke6 Ng8 60. e4 fxe4 61. Ke5 Kf7 62. Kxe4 Nf6+ 63. Kf4 Nd5+ 64. Kg5 Kg7 65. f3 Ne3 66. g4 hxg4 67. fxg4 Nd5 68. h5 gxh5 69. gxh5 Nf6 70. h6+ Kh7 71. Kxf6 Kxh6 1/2-1/2


[Site "https://www.chess.com"]